Map: Ulrena

Players

PetemyBaby - Winner!

  • Race: Protoss Protoss
  • League: Platinum

LilDicky

  • Race: Terran Terran
  • League: Diamond

VOD

http://www.twitch.tv/tumescentpie

Description

Time

  • Played on: Nov. 24, 2015, 7:18 p.m.
  • Length: 3:57
Show
View Real Time Build Order
Export as new Build Order

PetemyBaby Protoss - Winner!

Build Orders: Oracle Opening 

Get SALT Encoding   

  12  0:01  Probe (Chrono Boost)  
  13  0:12  Probe (Chrono Boost)  
  14  0:20  Pylon  
  14  0:22  Probe (Chrono Boost)  
  15  0:38  Probe (Chrono Boost), Gateway  
  16  0:44  Assimilator  
  16  0:48  Probe (Chrono Boost)  
  17  0:58  Assimilator  
  17  0:59  Probe (Chrono Boost)  
  18  1:09  Probe (Chrono Boost)  
  19  1:18  Pylon  
  19  1:21  Probe (Chrono Boost)  
  20  1:26  Cybernetics Core  
  20  1:32  Probe (Chrono Boost)  
  21  1:36  Zealot  
  23  1:42  Probe (Chrono Boost)  
  24  1:49  Pylon  
  24  1:53  Probe (Chrono Boost)  
  25  2:04  Stargate  
  25  2:11  Mothership Core (Chrono Boost)  
  27  2:26  Stalker  
  29  2:50  Oracle (Chrono Boost)  
Show
View Real Time Build Order
Export as new Build Order

LilDicky Terran 

Build Orders:  

Get SALT Encoding   

  12  0:02  SCV  
  13  0:14  SCV  
  14  0:21  Supply Depot  
  14  0:26  SCV  
  15  0:32  Refinery  
  15  0:43  SCV  
  15  0:47  Barracks  
  16  0:55  SCV  
  17  1:07  SCV  
  18  1:19  SCV  
  19  1:31  SCV  
  20  1:34  Marine  
  20  1:36  Supply Depot  
  20  1:37  Factory  
  21  1:43  SCV  
  22  1:52  Marine  
  23  1:57  Orbital Command  
  23  2:04  Barracks  
  23  2:13  Barracks  
  23  2:20  Barracks Reactor  
  23  2:24  Refinery  
  23  2:25  SCV  
  25  2:37  SCV  
  25  2:53  Barracks Tech Lab  
  25  2:54  SCV  
  25  2:57  Supply Depot  
  26  2:59  Widow Mine  
  26  3:00  Barracks Tech Lab  
  26  3:01  Marine  
  26  3:02  Marine  
  29  3:06  SCV  
  29  3:12  Marine  
  31  3:18  SCV  
  31  3:19  Marine x2  
  34  3:20  Marine  
Tags
 
Add a new tag
Caveats
  • Supply blocks, unpowered buildings, or Contaminate may cause inaccurate times.
  • Supply counts are checked every 10 seconds.